 Dungeon Crawl Stone Soup version 0.24.0-13-gcf9b3192b9 (console) character file.

Game seed: 15129384856291089316, levelgen mode: deterministic

359 AlterAsc the Ruffian (level 6, 0/28 HPs)
             Began as a Vine Stalker Transmuter on Nov 9, 2019.
             Was an Initiate of Ashenzari.
             Succumbed to an adder's poison
             ... on level 4 of the Dungeon.
             The game lasted 00:13:22 (3340 turns).

AlterAsc the Ruffian (Vine Stalker Transmuter)      Turns: 3340, Time: 00:13:23

Health: 0/28       AC:  4    Str: 15    XL:     6   Next: 65%
Magic:  1/12       EV: 12    Int: 11    God:    Ashenzari [......]
Gold:   68         SH:  0    Dex: 14    Spells: 8/11 levels left

rFire    . . .     SeeInvis .     - Unarmed
rCold    . . .     Gourm    .   (no shield)
rNeg     . . .     Faith    .   j - +0 leather armour
rPois    .         Spirit   +   (no helmet)
rElec    .         Reflect  .   r - +0 cloak
rCorr    .         Harm     .   (no gloves)
MR       .....                  (no boots)
Stlth    +.........             (no amulet)
HPRegen  0.49/turn              (no ring)
MPRegen  0.13/turn              (no ring)

@: lethally poisoned (0 -> -15), appendage (expiring)
A: fangs 2, horns 2, blink, dopey 1, frail 1, regeneration 1, magic shield,
antimagic bite, no potion heal 3, rot immunity
a: End Transformation, Blink, Curse Item, Renounce Religion


You were on level 4 of the Dungeon.
You worshipped Ashenzari.
Ashenzari was noncommittal.
You were not hungry.
You had grown temporary horns.
You visited 2 branches of the dungeon, and saw 5 of its levels.

You collected 68 gold pieces.

Inventory:

Missiles
 a - 12 arrows
 q - 6 curare-tipped darts (quivered)
Armour
 b - a +0 robe
 j - a +0 leather armour (worn)
 p - a +0 ring mail
 r - a +0 cloak (worn)
 u - a +1 scale mail of fire resistance
Scrolls
 e - a scroll of remove curse
 g - a scroll of magic mapping {unknown}
 h - 5 scrolls of identify {unknown}
 i - a scroll of random uselessness {unknown}
 k - 2 scrolls of fear {unknown}
 s - a scroll of enchant weapon {unknown}
 t - a scroll of amnesia {unknown}
Potions
 c - a potion of flight {unknown}
 f - a potion of heal wounds
 n - a potion of curing {unknown}
 o - a potion of agility {unknown}
Comestibles
 d - 7 rations
 l - 12 chunks of flesh


   Skills:
 + Level 2.4 Fighting
 - Level 1.7 Dodging
 * Level 4.7 Unarmed Combat
 + Level 3.4 Spellcasting
 * Level 4.1 Transmutations


You had 8 spell levels left.
You knew the following spells:

 Your Spells              Type           Power        Failure   Level  Hunger
a - Beastly Appendage     Tmut           ##....       5%          1    #......
b - Sticks to Snakes      Tmut           ##......     9%          2    ###....

Your spell library contained the following spells:

 Spells                   Type           Power        Failure   Level  Hunger
 Spider Form              Tmut/Pois      #.........   36%         3    ###....
 Ice Form                 Ice/Tmut       #.......     78%         4    #####..
 Blade Hands              Tmut           ##........   83%         5    ######.


Dungeon Overview and Level Annotations

Branches:
Dungeon (4/15)             Temple (1/1) D:4

Altars:
Ashenzari
Dithmenos
Fedhas
Gozag
Hepliaklqana
Makhleb
Okawaru
Qazlal
Ru
Uskayaw
Wu Jian
Xom
Zin
The Shining One


Innate Abilities, Weirdness & Mutations

You have extremely sharp teeth.
Your natural rate of healing is unusually fast.
When hurt, damage is shared between your health and your magic reserves.
Your bite disrupts and absorbs the magic of your enemies.
Potions cannot restore your health.
You are immune to rotting.
You have a pair of horns on your head.
You can translocate small distances at will.
You are dopey. (Int -2)
You are frail. (-10% HP)


Message History

You feel sick. The adder bites you.
You are more poisoned.
The adder poisons you! The scorpion stings you.
You punch the scorpion!
You kill the scorpion!
You feel sick. The adder bites you.
* * * LOW HITPOINT WARNING * * *
You are more poisoned.
The adder poisons you! The adder bites you.
* * * LOW HITPOINT WARNING * * *
You are more poisoned.
The adder poisons you!
It was a potion of heal wounds.
That seemed strangely inert.
* * * LOW HITPOINT WARNING * * *
You feel very sick. The adder bites you.
* * * LOW HITPOINT WARNING * * *
It was a potion of mutation.
You feel extremely strange.
You feel frail.
You feel stupid.
You feel jittery.
You die...

....# .. ...# ...
..#+##+#... #..........
#.......... #..........
####..........
#....#S####+#
#....#†@....#
#....#......#....# ....
#....#......#....#.....
#....#......#....+......
#....#......#....#......
#....#######..≈≈§..##..≈
##...........≈≈§≈≈.....≈
#........(.≈≈≈§≈≈≈....≈
#..).......≈§≈>≈§§....≈


You could see an adder.

Vanquished Creatures
  A scorpion (D:4)
  A howler monkey (D:4)
  A hound (D:4)
  An orc wizard (D:4)
  3 gnolls (D:3)
  7 adders
  5 worms
  A dart slug (D:4)
  2 leopard geckos (D:1)
  15 orcs
  2 ball pythons
  5 giant cockroaches
  5 goblins
  11 hobgoblins
  4 jackals (D:3)
  A quokka (D:3)
  8 bats
  5 frilled lizards
  10 kobolds
  A leopard gecko skeleton (D:4)
  10 rats
99 creatures vanquished.

Notes
Turn   | Place    | Note
-------+----------+-------------------------------------------
     0 | D:1      | AlterAsc the Vine Stalker Transmuter began the quest for
                  | the Orb.
     0 | D:1      | Reached XP level 1. HP: 9/9 MP: 4/4
    70 | D:1      | Reached skill level 1 in Fighting
   229 | D:1      | Reached XP level 2. HP: 13/14 MP: 4/6
   762 | D:2      | Reached XP level 3. HP: 15/18 MP: 5/7
  1333 | D:2      | Gained mutation: Your natural rate of healing is unusually
                  | fast. [Vine Stalker growth]
  1333 | D:2      | Reached XP level 4. HP: 19/22 MP: 6/8
  1386 | D:2      | Found a shimmering altar of Xom.
  1412 | D:2      | Found a hide-covered altar of Uskayaw.
  1641 | D:2      | Found an opulent altar of Gozag.
  1893 | D:3      | Found a glowing golden altar of the Shining One.
  2144 | D:3      | Learned a level 2 spell: Sticks to Snakes
  2304 | D:3      | Reached XP level 5. HP: 8/26 MP: 6/10
  2966 | D:4      | Reached XP level 6. HP: 17/30 MP: 7/11
  3137 | D:4      | Found a blossoming altar of Fedhas.
  3188 | D:4      | Found a staircase to the Ecumenical Temple.
  3197 | Temple   | Entered the Ecumenical Temple
  3261 | Temple   | Became a worshipper of Ashenzari the Shackled
  3340 | D:4      | Gained mutation: You are frail. (-10% HP) [potion of
                  | mutation]
  3340 | D:4      | Gained mutation: You are dopey. (Int -2) [potion of
                  | mutation]
  3340 | D:4      | Gained mutation: You can translocate small distances at
                  | will. [potion of mutation]
  3340 | D:4      | Succumbed to an adder's poison

Levels and vault maps discovered:
D:1:      nzn_arrival_water_spiral, layout_loops_ring,
          ebering_dispersal_statue_hall, minmay_misc_feat_roman, st_stairs_8,
          minivault_26
D:2:      layout_basic, nicolae_overflow_crystal_walls, lemuel_doored_altar,
          eat_drink_and_be_merry_uskayaw, first_ration, minmay_misc_feat_alley
D:3:      layout_basic, nicolae_tso_carved_into_rock,
          cheibrodos_sewer_entry_bend
D:4:      layout_gridville, vehumet_crystals, minmay_temple_entry_mist,
          serial_park_tiny_pond, fedhas_altar_1
Temple:   zaba_magenta_temple

Skill      XL: |  1  2  3  4  5  6 |
---------------+-------------------+-----
Fighting       | 1 2 |  2.4
Transmutations | 3 4 |  4.1
Unarmed Combat | 4 |  4.7
Spellcasting   | 3 |  3.4
Dodging        | |  1.7

Action                   |  1- 3 |  4- 6 || total
-------------------------+-------+-------++-------
Melee: Unarmed           |    90 |   272 ||   362
       Bite              |    20 |    64 ||    84
       Headbutt          |     7 |    10 ||    17
       Kick              |     4 |    22 ||    26
       Punch             |       |     4 ||     4
Throw: Stone             |    12 |       ||    12
       Dart              |       |     2 ||     2
 Cast: Beastly Appendage |    21 |    22 ||    43
  Use: Potion            |       |     2 ||     2
 Stab: Sleeping          |     1 |       ||     1
  Eat: Chunk             |     1 |     8 ||     9
Armor: Robe              |    25 |       ||    25
       Leather armour    |    10 |    34 ||    44
Dodge: Dodged            |    58 |   162 ||   220
